Map: Triton LE

Players

Ratl

  • Race: Protoss Protoss
  • League: Silver
  • Spawn Location: 5:00

SnowKalula - Winner!

  • Race: Zerg Zerg
  • League: Silver
  • Spawn Location: 11:00

VOD

Have the link to the VOD?

Description

Time

  • Played on: Jan. 18, 2020, 8:04 p.m.
  • Length: 11:16
Show
View Real Time Build Order
Export as new Build Order

Ratl Protoss 

Build Orders: Oracle Opening 

Get SALT Encoding   

  12  0:01  Probe  
  13  0:14  Probe  
  14  0:20  Pylon  
  14  0:26  Probe (Chrono Boost)  
  15  0:40  Probe (Chrono Boost)  
  16  0:46  Probe (Chrono Boost), Gateway  
  17  0:55  Probe  
  18  1:01  Assimilator  
  18  1:08  Probe  
  19  1:17  Forge  
  19  1:21  Probe  
  20  1:28  Assimilator  
  20  1:33  Probe  
  21  1:45  Probe  
  21  1:46  Cybernetics Core  
  22  1:50  Photon Cannon  
  22  1:57  Probe  
  23  2:03  Pylon  
  23  2:06  Pylon  
  22  2:09  Probe  
  23  2:22  Probe  
  24  2:28  Stargate  
  24  2:33  Stalker  
  24  2:34  Probe  
  24  2:35  Warp Gate (Chrono Boost)  
  27  2:46  Probe  
  28  2:58  Probe  
  29  3:04  Stalker  
  31  3:10  Probe  
  32  3:20  Nexus  
  32  3:22  Probe  
  33  3:28  Oracle (Chrono Boost)  
  36  3:34  Probe  
  37  3:42  Stargate  
  37  3:46  Probe  
  38  3:58  Probe  
  39  4:09  Pylon  
  39  4:21  Pylon  
  39  4:23  Protoss Air Weapons Level 1 (Chrono Boost)  
  39  4:27  Probe  
  40  4:36  Probe  
  41  4:39  Probe, Stalker  
  44  4:47  Assimilator x2  
  44  4:48  Probe  
  45  5:03  Stalker  
  47  5:07  Probe  
  47  5:08  Probe  
  49  5:19  Probe  
  49  5:20  Probe  
  51  5:21  Void Ray  
  51  5:22  Void Ray  
  59  5:31  Probe  
  59  5:35  Pylon  
  60  5:37  Fleet Beacon  
  60  5:39  Gateway  
  60  5:41  Probe  
  61  5:43  Probe  
  62  5:51  Zealot  
  62  5:53  Probe  
  65  6:04  Void Ray  
  69  6:17  Protoss Air Armor Level 1  
  66  6:28  Void Ray (Chrono Boost)  
  66  6:31  Unknown  
  70  6:40  Stalker  
  70  6:41  Stalker  
  74  6:51  Robotics Facility  
  74  6:55  Pylon  
  74  6:59  Photon Cannon  
  74  7:03  Photon Cannon  
  74  7:05  Void Ray (Chrono Boost)  
  74  7:11  Void Ray (Chrono Boost)  
  82  7:42  Void Ray  
  86  7:55  Pylon  
  86  8:02  Pylon, Void Ray (Chrono Boost), Warp Prism  
  86  8:07  Pylon  
  66  8:27  Stalker x2  
  70  8:39  Void Ray (Chrono Boost)  
  70  8:41  Void Ray (Chrono Boost)  
  70  8:52  Stalker x2  
  66  9:33  Void Ray x2 (Chrono Boost)  
  74  9:41  Warp Prism  
  74  9:43  Stalker  
  74  9:44  Stalker  
  80  9:48  Pylon  
  80  9:51  Pylon  
  80  10:09  Void Ray (Chrono Boost)  
  80  10:10  Void Ray (Chrono Boost)  
  80  10:11  Stalker x2  
  80  10:13  Pylon  
  92  10:15  Pylon, Nexus  
  92  10:17  Pylon, Assimilator  
  68  10:40  Stalker  
  76  10:59  Stalker  
Show
View Real Time Build Order
Export as new Build Order

SnowKalula Zerg - Winner!

Build Orders: Hatch First, Roach Hydra 

Get SALT Encoding   

  12  0:01  Drone  
  13  0:08  Drone  
  14  0:16  Overlord  
  14  0:35  Drone x2  
  16  0:51  Hatchery  
  16  0:54  Drone  
  16  0:56  Drone  
  17  1:12  Spawning Pool  
  17  1:15  Extractor, Drone  
  16  1:18  Drone  
  17  1:35  Drone x2  
  19  1:49  Drone  
  20  2:01  Zergling x2  
  20  2:02  Zergling x2, Queen  
  24  2:14  Extractor, Drone x2  
  25  2:33  Drone  
  26  2:41  Spore Crawler  
  25  2:44  Lair  
  25  2:57  Evolution Chamber  
  22  3:08  Drone x3  
  25  3:20  Overlord x2  
  25  3:23  Queen  
  27  3:29  Metabolic Boost  
  27  3:53  Drone x7  
  27  3:54  Drone  
  35  4:14  Roach Warren  
  34  4:37  Hydralisk Den  
  33  4:43  Spore Crawler  
  31  4:54  Drone x3  
  34  5:05  Drone  
  35  5:09  Overlord x2  
  35  5:10  Overlord  
  35  5:15  Extractor  
  35  5:17  Extractor, Drone x3  
  35  5:21  Grooved Spines  
  36  5:33  Zerg Missile Weapons Level 1  
  36  5:34  Glial Reconstitution  
  36  5:36  Hydralisk x5  
  46  5:43  Hatchery  
  45  6:01  Zergling x10  
  50  6:05  Queen  
  50  6:08  Drone x3  
  53  6:29  Roach x3  
  53  6:31  Overlord x3  
  59  6:57  Roach x5  
  69  7:16  Pneumatized Carapace  
  69  7:19  Drone  
  69  7:20  Drone x3  
  73  7:24  Drone x2  
  73  7:28  Roach x6  
  82  7:44  Muscular Augments  
  82  7:49  Spire  
  81  7:55  Ravager x3  
  81  7:56  Ravager x5  
  79  8:05  Ravager  
  75  8:14  Hydralisk x3  
  79  8:32  Spore Crawler  
  50  9:01  Hydralisk x3  
  50  9:02  Hydralisk x6  
  62  9:11  Hydralisk x2  
  66  9:32  Zergling x8  
  66  9:33  Zergling x12  
  66  9:37  Queen  
  78  9:47  Drone  
  79  10:09  Corruptor x5, Infestation Pit  
  74  10:36  Hydralisk x5  
  84  10:45  Drone x3  
Tags
 
Add a new tag
Caveats
  • Supply blocks, unpowered buildings, or Contaminate may cause inaccurate times.
  • Supply counts are checked every 10 seconds.